 Dungeon Crawl Stone Soup version 0.18-a0-1797-gc18daef (webtiles) character file.

195 Chiseanne the Conjurer (level 5, 0/28 HPs)
             Began as a Deep Elf Conjurer on Apr 22, 2016.
             Slain by Sl000nik's ghost (7 damage)
             ... on level 4 of the Dungeon.
             The game lasted 00:20:18 (4162 turns).

Chiseanne the Conjurer (Deep Elf Conjurer)          Turns: 4162, Time: 00:20:19

Health: 0/28       AC:  3    Str: 10    XL:     5   Next: 45%
Magic:  1/15       EV:  8    Int: 26    God:
Gold:   255        SH:  0    Dex: 15    Spells: 5 memorised, 1 level left

rFire  . . .     SeeInvis .     a - +2 hand axe (freeze)
rCold  . . .     Gourm    .     d - +1 robe
rNeg   . . .     Faith    .     (no shield)
rPois  .         Spirit   .     (no helmet)
rElec  .         Dismiss  .     (no cloak)
rCorr  .         Reflect  .     (no gloves)
SustAt .         Harm     .     (no boots)
MR     .....                    m - amulet of rage
Stlth  ++........               (no ring)
                                k - +5 ring of intelligence

@: mighty, very slightly contaminated, not resistant to hostile enchantments,
unstealthy
A: no striking features
a: Evoke Berserk Rage


You were on level 4 of the Dungeon.
You were very hungry.

You visited 1 branch of the dungeon, and saw 4 of its levels.

You collected 255 gold pieces.

Inventory:

Hand Weapons
 a - a +2 hand axe of freezing (weapon)
 s - a +0 mace of holy wrath
 w - a +0 blowgun
Missiles
 f - 10 tomahawks (quivered)
 g - 25 bolts
 i - 38 arrows
 n - 12 poisoned needles
 p - a throwing net
Armour
 d - a +1 robe (worn)
Jewellery
 k - a +5 ring of intelligence (left hand)
 m - an amulet of rage (around neck)
Scrolls
 o - a scroll of remove curse
Potions
 h - 3 potions of might
Books
 b - a book of Conjurations

   Spells                             Type                      Level
   a - Magic Dart                     Conjuration                  1
   b - Searing Ray                    Conjuration                  2
   c - Dazzling Spray                 Conjuration/Hexes            3
   d - Fulminant Prism                Conjuration/Hexes            4
   e - Iskenderun's Mystic Blast      Conjuration                  4
   f - Iskenderun's Battlesphere      Conjuration/Charms           5
Comestibles
 c - 3 bread rations
 j - a meat ration
 q - a beef jerky


   Skills:
 - Level 2.4 Dodging
 - Level 3.4 Stealth
 * Level 5.5 Spellcasting
 - Level 5.6 Conjurations
 * Level 1.6 Hexes


You had one spell level left.
You knew the following spells:

 Your Spells              Type           Power        Failure   Level  Hunger
a - Magic Dart            Conj           ####         1%          1    None
b - Searing Ray           Conj           #####.       1%          2    None
c - Dazzling Spray        Conj/Hex       ####....     6%          3    #......
d - Iskenderun's Mystic   Conj           #####...     10%         4    ###....
e - Fulminant Prism       Conj/Hex       ####......   17%         4    ###....


Dungeon Overview and Level Annotations

Branches:
Dungeon (4/15)
 Temple: D:4-7

Altars:
Makhleb
Nemelex Xobeh

Annotations:
D:4 Sl000nik's ghost, amateur GrFi


Message History

Sl000nik's ghost misses you. Sl000nik's ghost barely misses you.
You hit Sl000nik's ghost. You freeze Sl000nik's ghost.
Sl000nik's ghost is severely damaged.
Sl000nik's ghost barely misses you.
You closely miss Sl000nik's ghost.
Sl000nik's ghost is severely damaged.
Sl000nik's ghost closely misses you.
You barely miss Sl000nik's ghost.
Sl000nik's ghost is severely damaged.
Sl000nik's ghost closely misses you. Sl000nik's ghost hits you.
You are poisoned.
You hit Sl000nik's ghost. You freeze Sl000nik's ghost.
Sl000nik's ghost is almost destroyed.
You feel sick. Sl000nik's ghost hits you!
* * * LOW HITPOINT WARNING * * *
Drink which item? (? for menu, Esc to quit)
You feel better. Sl000nik's ghost hits you.
* * * LOW HITPOINT WARNING * * *
Sl000nik's ghost hits you!
You die...

#.# #.# #####.# #.....< ###
#####.###.# ..# #.........# #.#
#.###.##... #.# #.# #.##.## #@#
#.# #....# #W# #.# ###..# #.#
#.#####..# ##+#
##.######.<......# ##...#
#....>..#######.## ##.....##
#....[..# #...# #.......##
##.......# ###...###
.........####........###.....>.#
.........'.....#'#..............


You could see Sl000nik's ghost.

Vanquished Creatures
  A centaur skeleton (D:4)
  Terence (D:2)
  3 adders
  An ooze (D:1)
  5 worms
  2 dart slugs
  2 giant geckos
  6 orcs (D:3)
  2 ball pythons
  2 giant cockroaches
  9 goblins
  5 hobgoblins
  11 jackals
  2 quokkas
  7 bats
  A giant gecko skeleton (D:4)
  3 giant newts
  12 kobolds
  5 rats
  4 fungi (D:3)
84 creatures vanquished.

Vanquished Creatures (others)
  2 fulminant prisms (D:4)
2 creatures vanquished.

Grand Total: 86 creatures vanquished

Notes
Turn   | Place    | Note
--------------------------------------------------------------
     0 | D:1      | Chiseanne the Deep Elf Conjurer began the quest for the Orb.
     0 | D:1      | Reached XP level 1. HP: 10/10 MP: 6/6
   302 | D:1      | Reached XP level 2. HP: 15/15 MP: 4/8
   338 | D:1      | Learned a level 2 spell: Searing Ray
   716 | D:1      | Reached XP level 3. HP: 18/19 MP: 5/10
   721 | D:1      | Learned a level 3 spell: Dazzling Spray
  1275 | D:2      | You fall through a shaft!
  1318 | D:3      | Reached skill level 5 in Conjurations
  1984 | D:2      | Reached XP level 4. HP: 24/24 MP: 7/12
  2025 | D:2      | Learned a level 4 spell: Iskenderun's Mystic Blast
  2241 | D:2      | Noticed Terence
  2250 | D:2      | Killed Terence
  2943 | D:3      | Reached skill level 5 in Spellcasting
  3048 | D:3      | Reached XP level 5. HP: 28/28 MP: 10/14
  3185 | D:3      | Found a sparkling altar of Nemelex Xobeh.
  3262 | D:3      | Learned a level 4 spell: Fulminant Prism
  3553 | D:4      | Reached skill level 1 in Hexes
  4089 | D:4      | Found a burning altar of Makhleb.
  4133 | D:4      | Noticed Sl000nik's ghost (amateur GrFi)
  4160 | D:4      | HP: 1/28 [Sl000nik's ghost (12)]
  4162 | D:4      | Slain by Sl000nik's ghost

Vault maps used:
D:1:      dpeg_arrival_chambers_temple_mockup, monster_avoids_cloud
D:2:      minivault_23, minmay_unequal, uniq_terence
D:3:      nemelex_xobeh_ov_fountains_minmay, minmay_gold_behind_fungi
D:4:      kennysheep_mini

Skill      XL: |  1  2  3  4  5 |
---------------+----------------+-----
Stealth        | 3 |  3.4
Conjurations   | 5 |  5.6
Spellcasting   | 4 5 |  5.5
Hexes          | 1 |  1.6
Dodging        | |  2.4

Action                   |  1- 3 |  4- 6 || total
-------------------------+-------+-------++-------
Melee: Short sword       |       |    14 ||    14
       Hand axe          |       |    36 ||    36
 Cast: Magic Dart        |    73 |    74 ||   147
       Searing Ray       |     2 |     3 ||     5
       Dazzling Spray    |       |     3 ||     3
       Iskenderun's Myst |       |     4 ||     4
       Fulminant Prism   |       |     2 ||     2
  Use: Scroll            |     3 |     3 ||     6
       Potion            |       |     3 ||     3
  Eat: Chunk             |     3 |     5 ||     8
       Beef jerky        |       |     1 ||     1
Armor: Robe              |     3 |     4 ||     7
Dodge: Dodged            |    10 |    39 ||    49
